 Dungeon Crawl Stone Soup version 0.27.1-3-gb3d3a73c9e (webtiles) character file.

Game seed: 12825470381801746334

2398 raph the Geomancer (level 9, 0/48 HPs)
             Began as a Deep Elf Earth Elementalist on Oct 29, 2021.
             Was a Believer of Kikubaaqudgha.
             Shot with a sling bullet by Joseph (11 damage)
             ... on level 7 of the Dungeon.
             The game lasted 00:15:23 (8456 turns).

raph the Geomancer (Deep Elf Earth Elementalist)    Turns: 8456, Time: 00:15:23

Health: 0/48       AC:  5    Str: 11    XL:     9   Next: 23%
Magic:  19/19      EV: 14    Int: 22    God:    Kikubaaqudgha [**....]
Gold:   139        SH:  6    Dex: 21    Spells: 0/19 levels left

rFire    . . .     SeeInvis .   u - +7 dagger of the Girdle {venom, rPois}
rCold    . . .     Faith    .   r - +0 buckler
rNeg     . . .     Spirit   .   b - +0 robe
rPois    +         Reflect  .   (no helmet)
rElec    .         Harm     .   o - +2 cloak
rCorr    .         Rampage  .   (no gloves)
Will     +....                  (no boots)
Stlth    ++........             (no amulet)
HPRegen  0.16/turn              C - +6 ring of dexterity
MPRegen  0.16/turn              D - ring "Vuyreap" {Wiz Will+ Str+4}

@: studying Maces & Flails
A: no striking features
a: Renounce Religion, Receive Corpses


You were on level 7 of the Dungeon.
You worshipped Kikubaaqudgha.
Kikubaaqudgha was pleased with you.
You visited 1 branch of the dungeon, and saw 7 of its levels.

You collected 425 gold pieces.
You spent 286 gold pieces at shops.

Inventory:

Hand Weapons
 a - a +0 dagger
 d - a +3 dagger of venom
 q - the +3 war axe of Mayhem {freeze, rF+ Str+2}
   (You found it on level 4 of the Dungeon)

   It freezes those it strikes, dealing additional cold damage.
   It can also slow down cold-blooded creatures.
   Str:       It affects your strength (+2).
   rF:        It protects you from fire.
 u - the +7 dagger of the Girdle (weapon) {venom, rPois}
   (You found it on level 4 of the Dungeon)

   It poisons the flesh of those it strikes.
   rPois:     It protects you from poison.
Missiles
 c - 71 stones
 m - 14 poisoned darts
Armour
 b - a +0 robe (worn)
 h - a +0 leather armour
 o - a +2 cloak (worn)
 r - a +0 buckler (worn)
Jewellery
 n - a ring of fire
 s - a ring of protection from fire
 t - a +6 ring of dexterity
 C - a +6 ring of dexterity (left hand)
 D - the ring "Vuyreap" (right hand) {Wiz Will+ Str+4}
   (You found it on level 7 of the Dungeon)

   [ring of wizardry]

   It improves your spell success rate.
   Str:       It affects your strength (+4).
   Will:      It increases your willpower.
Wands
 v - a wand of mindburst (8)
 y - a wand of digging (7)
 z - a wand of acid (10)
 B - a wand of iceblast (10)
Scrolls
 j - 2 scrolls of enchant armour
 l - 2 scrolls of amnesia
 E - 2 scrolls of noise
Potions
 e - a potion of mutation
 f - a potion of attraction
 g - 3 potions of resistance
 i - 2 potions of brilliance
 k - a potion of might
 p - a potion of haste
 w - a potion of invisibility {unknown}
 x - 2 potions of curing
 A - a potion of magic {unknown}


   Skills:
 + Level 2.1 Fighting
 * Level 0.0 Short Blades
 + Level 4.3 Dodging
 + Level 2.4 Stealth
 + Level 3.3 Shields
 + Level 5.5 Spellcasting
 - Level 2.4 Conjurations
 - Level 2.1 Hexes
 + Level 4.0 Necromancy
 - Level 1.1 Transmutations
 + Level 10.3 Earth Magic


You couldn't memorise any spells.
You knew the following spells:

 Your Spells              Type           Power      Damage    Failure   Level
a - Sandblast             Erth           100%       2d20      1%          1
b - Passwall              Tmut/Erth      25%        N/A       1%          2
c - Stone Arrow           Conj/Erth      68%        3d11      1%          3
d - Dazzling Flash        Conj/Hex       32%        N/A       4%          3
e - Corpse Rot            Necr/Air       N/A        N/A       2%          2
f - Lee's Rapid Deconstr  Erth           25%        3d15*     1%          5
g - Vampiric Draining     Necr           12%        2d7       2%          3

Your spell library contained the following spells:

 Spells                   Type           Power      Damage    Failure   Level
 Pain                     Necr           96%        1d8       1%          1
 Sublimation of Blood     Necr           12%        N/A       1%          2
 Slow                     Hex            15%        N/A       2%          2
 Animate Armour           Summ/Erth      56%        N/A       4%          4
 Petrify                  Tmut/Erth      31%        N/A       4%          4
 Confusing Touch          Hex            15%        N/A       5%          3
 Agony                    Necr           24%        N/A       21%         5
 Olgreb's Toxic Radiance  Pois           6%         N/A       38%         4
 Silence                  Hex/Air        5%         N/A       56%         5
 Ozocubu's Refrigeration  Ice            3%         4d5       100%        7
 Ignition                 Fire           3%         3d4       100%        8
 Lehudib's Crystal Spear  Conj/Erth      17%        10d5      100%        8


Dungeon Overview and Level Annotations

Branches:
Dungeon (7/15)             Temple (0/1) D:5

Altars:
Dithmenos
Elyvilon
Fedhas
Kikubaaqudgha
Okawaru
Wu Jian

Shops:
D:3 :

Annotations:
D:7 exclusion: oklob plant, Joseph


Message History

You start memorising the spell.
You continue memorising. x3
You finish memorising.
Spell assigned to 'g'.
You now have 130 gold pieces (gained 13).
Found a hand axe.
Found 24 sling bullets.
Found a potion of curing.
Found an ornate altar of the Wu Jian Council.
Found 3 scrolls labelled NUNKOI QITEI.
x - 2 potions of curing (gained 1)
Found a chain mail.
You now have 139 gold pieces (gained 9).
E - 3 scrolls labelled NUNKOI QITEI
As you read the scroll labelled NUNKOI QITEI, it crumbles to dust.
You hear a loud clanging noise!
It was a scroll of noise.
You see here a +0 chain mail.
You see here a +0 chain mail.
Found the Unrestrained Analects.
You pick up the Unrestrained Analects and begin reading...
You add the spells Olgreb's Toxic Radiance, Ozocubu's Refrigeration and Ignition to your library.
Found an escape hatch in the floor.
Found 16 stones.
There is a stone staircase leading down here.
c - 71 stones (gained 16)
You see here a +0 whip.
Things that are here:
a +0 club; a +0 ring mail
Found a blossoming altar of Fedhas.
An oklob plant comes into view.
Marking area around an oklob plant as unsafe for travelling.
Joseph shouts!
Joseph says, "You will never get the ORB, sorry."
Joseph shoots a sling bullet.
The sling bullet closely misses you.
Joseph shoots a sling bullet.
The sling bullet hits you!
Joseph shoots a sling bullet.
The sling bullet hits you!
Joseph shoots a sling bullet.
The sling bullet hits you!
* * * LOW HITPOINT WARNING * * *
Joseph shoots a sling bullet.
The sling bullet hits you!
You die...
Kikubaaqudgha rasps: "You have failed me!
Welcome... death!"

###### ##.#..#### ####........###
### ###.###.......#.. #.### #####
#.....#.......... #...#
##...#####..##........##.. ....##
#....##....#...##......#..
.....###.#..#...<.##.............
#....##..#......@##.......#......
#.................#.......#......
.................................
...#.##............##............
...###..#..........##.........##.
#.##...............@..@....##....
#####..##..###########.##########
##...#####PP#


#PP.#.#P#.PPPPPP #...######PP.# PPPP#.##P#PP#PPP You could see Joseph.

Vanquished Creatures
  Pikel (D:6)
  4 water moccasins
  A sky beast (D:5)
  A hornet zombie (D:7)
  A black bear (D:6)
  3 ogres
  A kobold brigand (D:7)
  A wyvern zombie (D:7)
  A bullfrog (D:7)
  A water moccasin skeleton (D:6)
  2 howler monkeys
  A bullfrog zombie (D:5)
  A hound (D:7)
  3 centaur zombies (D:6)
  2 jellies
  Crazy Yiuf (D:2)
  2 bullfrog skeletons (D:5)
  2 orc priests
  3 iguanas
  2 orc wizards (D:6)
  A hound skeleton (D:4)
  9 adders
  A shadow imp (D:6)
  An ufetubus (D:7)
  2 adder skeletons (D:4)
  3 dart slugs
  18 orcs
  9 ball pythons
  4 bats
  7 endoplasms
  2 giant cockroaches
  4 goblins
  8 hobgoblins
  8 kobolds
  2 quokkas
  5 frilled lizards
  3 rats
121 creatures vanquished.

Vanquished Creatures (others)
  15 toadstools (D:7)
15 creatures vanquished.

Grand Total: 136 creatures vanquished

Notes
Turn   | Place    | Note
-------+----------+-------------------------------------------
     0 | D:1      | raph the Deep Elf Earth Elementalist began the quest for
                  | the Orb.
     0 | D:1      | Reached XP level 1. HP: 10/10 MP: 6/6
   340 | D:1      | Reached skill level 4 in Earth Magic
   340 | D:1      | Reached XP level 2. HP: 15/15 MP: 5/8
   556 | D:1      | Found a faded altar of an unknown god.
   897 | D:1      | Learned a level 2 spell: Passwall
  1244 | D:2      | Reached XP level 3. HP: 13/19 MP: 9/9
  1248 | D:2      | Learned a level 3 spell: Stone Arrow
  1700 | D:2      | Found an ancient bone altar of Kikubaaqudgha.
  1706 | D:2      | Became a worshipper of Kikubaaqudgha
  1739 | D:2      | Found a runed translucent door.
  1740 | D:2      | Noticed Crazy Yiuf
  2092 | D:3      | Found a white marble altar of Elyvilon.
  2095 | D:3      | Reached skill level 5 in Earth Magic
  2118 | D:3      | Reached skill level 1 in Conjurations
  2450 | D:3      | Reached XP level 4. HP: 24/24 MP: 8/10
  2569 | D:3      | Learned a level 3 spell: Dazzling Flash
  2641 | D:3      | Found Peawkonuts's Book Boutique.
  3091 | D:2      | Killed Crazy Yiuf
  3408 | D:4      | Found an iron altar of Okawaru.
  3479 | D:4      | Identified the +3 war axe of Mayhem {freeze, rF+ Str+2}
  3725 | D:4      | Reached XP level 5. HP: 21/28 MP: 2/12
  4073 | D:4      | Identified the +7 dagger of the Girdle {venom, rPois}
  4423 | D:4      | Reached * piety under Kikubaaqudgha
  4423 | D:4      | Received a gift from Kikubaaqudgha
  4437 | D:4      | Reached skill level 1 in Hexes
  4660 | D:5      | Entered Level 5 of the Dungeon
  4660 | D:5      | Noticed a water moccasin
  4662 | D:5      | Killed a water moccasin
  4663 | D:5      | Reached skill level 1 in Shields
  4663 | D:5      | Reached XP level 6. HP: 33/33 MP: 9/14
  4754 | D:5      | Noticed a sky beast
  4762 | D:5      | Killed a sky beast
  4763 | D:5      | Reached skill level 6 in Earth Magic
  4831 | D:5      | Found a staircase to the Ecumenical Temple.
  4944 | D:5      | Reached skill level 1 in Fighting
  4944 | D:5      | Noticed a water moccasin
  5007 | D:5      | Learned a level 2 spell: Corpse Rot
  5040 | D:5      | Killed a water moccasin
  5041 | D:5      | Reached skill level 1 in Necromancy
  5041 | D:5      | Reached XP level 7. HP: 38/38 MP: 7/15
  5751 | D:6      | Noticed Pikel
  5910 | D:6      | Reached skill level 5 in Spellcasting
  5971 | D:6      | Reached XP level 8. HP: 44/44 MP: 11/17
  6012 | D:6      | Reached skill level 7 in Earth Magic
  6181 | D:6      | Found a shadowy altar of Dithmenos.
  7181 | D:3      | Bought a book of Geomancy for 286 gold pieces
  7187 | D:3      | Learned a level 5 spell: Lee's Rapid Deconstruction
  7358 | D:7      | Reached ** piety under Kikubaaqudgha
  7440 | D:7      | Noticed Joseph
  7475 | D:6      | Killed Pikel
  7476 | D:6      | Reached skill level 9 in Earth Magic
  7476 | D:6      | Reached XP level 9. HP: 21/48 MP: 13/19
  8043 | D:7      | Reached skill level 10 in Earth Magic
  8198 | D:7      | Identified the ring "Vuyreap" {Wiz Will+ Str+4}
  8206 | D:7      | Learned a level 3 spell: Vampiric Draining
  8222 | D:7      | Found an ornate altar of the Wu Jian Council.
  8401 | D:7      | Found a blossoming altar of Fedhas.
  8420 | D:7      | Noticed an oklob plant
  8456 | D:7      | Shot with a sling bullet by Joseph

Illustrated notes

Levels and vault maps discovered:
D:1:      dpeg_arrival_more_subterranean_lakeside_camping, layout_basic,
          hellmonk_ecumenical_altar_arch_garden, minmay_misc_feat_columns
D:2:      layout_basic, basic_altar, uniq_crazy_yiuf_cottage
D:3:      layout_basic, mainiacjoe_overflow_tiny_flanked, serial_shops, shop,
          kennysheep_generic_room_2
D:4:      layout_loops_cross, mainiacjoe_overflow_surrounded_room,
          minmay_manual_moon
D:5:      layout_loops_ring, minmay_temple_entry_statues
D:6:      layout_loops_cross, lemuel_tele_altar, uniq_pikel
D:7:      layout_cave_pools, tgw_fedhas, old_standard_altar, uniq_joseph

Skill      XL: |  1  2  3  4  5  6  7  8  9 |
---------------+----------------------------+-----
Earth Magic    | 4 5 6 9 10 | 10.3
Conjurations   | 1 2 |  2.4
Hexes          | 1 2 |  2.1
Shields        | 1 2 3 |  3.3
Spellcasting   | 4 5 |  5.5
Dodging        | 3 4 |  4.3
Fighting       | 1 2 |  2.1
Necromancy     | 1 3 4 |  4.0
Stealth        | |  2.4
Transmutations | |  1.1

Action                   |  1- 3 |  4- 6 |  7- 9 || total
-------------------------+-------+-------+-------++-------
Melee: Dagger            |    56 |     8 |    56 ||   120
       War axe           |       |    18 |       ||    18
 Cast: Sandblast         |    31 |    11 |    44 ||    86
       Passwall          |     1 |     2 |     1 ||     4
       Stone Arrow       |       |    27 |    29 ||    56
       Lee's Rapid Decon |       |       |     1 ||     1
  Use: Scroll            |     6 |     2 |     7 ||    15
 Stab: Sleeping          |     2 |     2 |     4 ||     8
       Distracted        |       |     1 |       ||     1
Armor: Robe              |    17 |    16 |     9 ||    42
       Leather armour    |       |       |    10 ||    10
Dodge: Dodged            |    37 |    17 |    42 ||    96
Block: Buckler           |       |     4 |    16 ||    20
